 Dungeon Crawl Stone Soup version 0.29.1-2-gbd0b4ee654 (webtiles) character file.

Game seed: 9815869372875326180

111 cdecastro the Cudgeller (level 4, -1/48 HPs)
             Began as an Ogre Gladiator on Nov 12, 2022.
             Slain by Natasha (7 damage)
             ... on level 3 of the Dungeon.
             The game lasted 00:03:56 (3316 turns).

cdecastro the Cudgeller (Ogre Gladiator)            Turns: 3316, Time: 00:03:57

Health: -1/48      AC:  3    Str: 20    XL:     4   Next: 92%
Magic:  4/4        EV: 10    Int:  9    God:
Gold:   62         SH:  0    Dex: 10    Spells: 3/3 levels left

rFire   . . .      SeeInvis .   a - +0 flail
rCold   . . .      Faith    .   (no shield)
rNeg    . . .      Spirit   .   b - +0 robe
rPois   .          Reflect  .   c - +0 hat
rElec   .          Harm     .   (no cloak)
rCorr   .          Rampage  .   (gloves unavailable)
Will    .....                   (boots unavailable)
Stlth   +.........              (no amulet)
HPRegen 0.16/turn               (no ring)
MPRegen 0.09/turn               (no ring)

@: no status effects
A: large, unfitting armour, tough skin 1
a: no special abilities


You were on level 3 of the Dungeon.
You visited 1 branch of the dungeon, and saw 3 of its levels.

You collected 62 gold pieces.

Inventory:

Hand Weapons
 a - a +0 flail (weapon)
Missiles
 d - 3 throwing nets (quivered)
 e - a large rock
 f - 2 javelins
 n - 4 poisoned darts
Armour
 b - a +0 robe (worn)
 c - a +0 hat (worn)
Jewellery
 o - a ring of see invisible
Scrolls
 l - a scroll of noise {unknown}
 p - 2 scrolls of identify {unknown}
 q - a scroll of blinking {unknown}
 r - a scroll of teleportation {unknown}
 s - a scroll of amnesia {unknown}
Potions
 g - a potion of brilliance {unknown}
 h - 2 potions of attraction {unknown}
 i - a potion of heal wounds {unknown}
 j - 2 potions of degeneration {unknown}
 k - 2 potions of curing {unknown}
 m - a potion of flight {unknown}


   Skills:
 + Level 4.3 Fighting
 * Level 4.3 Maces & Flails
 - Level 2.0 Throwing
 - Level 2.6 Dodging


You had 3 spell levels left.
You didn't know any spells.
Your spell library contained the following spells:

 Spells                   Type           Power      Damage    Failure   Level
 Magic Dart               Conj           0%         1d3       38%         1
 Call Imp                 Summ           0%         N/A       52%         2
 Mephitic Cloud           Conj/Pois/Air  0%         N/A       77%         3


Dungeon Overview and Level Annotations

Branches:
Dungeon (3/15)

Altars:

Annotations:
D:2 1 runed translucent door, Crazy Yiuf
D:3 Natasha


Innate Abilities, Weirdness & Mutations

You are too large for most types of armour.
You have tough skin. (AC +1)


Message History

You hit Natasha.
Natasha is moderately wounded.
Natasha zaps a wand.
The bolt of dispelling energy hits you!
* * * LOW HITPOINT WARNING * * *
You barely miss Natasha.
Natasha is moderately wounded.
Natasha claws you.
* * * LOW HITPOINT WARNING * * *
The crimson imp hits you.
* * * LOW HITPOINT WARNING * * *
Unknown command.
You hit Natasha.
Natasha is heavily wounded.
Natasha barely misses you. The crimson imp hits you.
* * * LOW HITPOINT WARNING * * *
Unknown command.
You hit Natasha but do no damage.
Natasha is heavily wounded.
Natasha claws you.
* * * LOW HITPOINT WARNING * * *
The crimson imp grins evilly.
The crimson imp completely misses you.
Unknown command.
You closely miss Natasha.
Natasha is heavily wounded.
Natasha wildly gestures.
Natasha shimmers violently.
Natasha claws you.
* * * LOW HITPOINT WARNING * * *
The crimson imp hits you.
* * * LOW HITPOINT WARNING * * *
You hit Natasha.
Natasha is severely wounded.
Natasha misses you. The crimson imp closely misses you.
The crimson imp barely misses you. Natasha claws you but does no damage.
Unknown command.
You hit Natasha.
Natasha is almost dead.
Natasha claws you!
You die...

######### #........ ####
#........ ...# #........
...# ######........
...########...##5h......
............####@.......
...#####..[.............
.............###........
...####......# ###.#####
....###......# # .#
.....).......#.. ##
######.........#
#.)......## #.......##


You could see Natasha and a crimson imp (summoned).

Vanquished Creatures
  An orc priest (D:3)
  2 adders (D:2)
  A worm (D:2)
  4 dart slugs
  4 orcs (D:3)
  4 endoplasms
  2 giant cockroaches
  3 goblins
  4 hobgoblins
  A jackal (D:2)
  3 quokkas
  5 ball pythons
  5 bats
  3 frilled lizards (D:1)
  3 kobolds
  4 rats
49 creatures vanquished.

Notes
Turn   | Place    | Note
-------+----------+-------------------------------------------
     0 | D:1      | cdecastro the Ogre Gladiator began the quest for the Orb.
     0 | D:1      | Reached XP level 1. HP: 22/22 MP: 1/1
   402 | D:1      | Reached XP level 2. HP: 21/31 MP: 2/2
  1136 | D:1      | Reached XP level 3. HP: 37/37 MP: 3/3
  2072 | D:2      | Found a runed translucent door.
  2073 | D:2      | Noticed Crazy Yiuf
  2340 | D:2      | Reached XP level 4. HP: 32/48 MP: 4/4
  3305 | D:3      | Noticed Natasha
  3316 | D:3      | Slain by Natasha

Illustrated notes

Levels and vault maps discovered:
D:1:      dpeg_arrival_oval, layout_loops_ring
D:2:      layout_basic, minmay_tiny_reverse_x, uniq_crazy_yiuf_cottage
D:3:      layout_rooms, nicolae_vehumet_altar_sigil, basic_ecumenical_altar,
          uniq_natasha

Skill      XL: |  1  2  3  4 |
---------------+-------------+-----
Fighting       | 3 4 |  4.3
Maces & Flails | 3 4 |  4.3
Throwing       | |  2.0
Dodging        | |  2.6

Action                   |  1- 3 |  4- 6 || total
-------------------------+-------+-------++-------
Melee: Flail             |   129 |    38 ||   167
 Stab: Sleeping          |     1 |       ||     1
Armor: Robe              |    42 |     9 ||    51
Dodge: Dodged            |    86 |    36 ||   122
